 Seeded DCSS version 0.27-a0-911-gfacc31910f (webtiles) character file.

Game seed: 1642767598979250077 (custom seed)

77442 HELP the Covert (level 15, -5/103 HPs)
             Began as an Octopode Venom Mage on Apr 9, 2021.
             Was an Initiate of Gozag.
             Engulfed by a cloud of flame (10 damage)
             ... on level 12 of the Dungeon.
             The game lasted 04:58:54 (34294 turns).

HELP the Covert (Octopode Venom Mage)              Turns: 34294, Time: 04:58:54

Health: -5/103     AC:  3    Str:  9    XL:     15   Next: 56%
Magic:  5/35       EV: 25    Int: 26    God:    Gozag
Gold:   1719       SH:  5    Dex: 13    Spells: 0/29 levels left

rFire    + . .     SeeInvis .   a - +12 dagger "Juing" {vorpal, Int+4}
rCold    + . .     Faith    .   z - +0 buckler
rNeg     + . .     Spirit   .   X - +2 hat
rPois    .         Reflect  .   n - amulet of the acrobat
rElec    .         Harm     .   o - ring of magical power
rCorr    .         Rampage  .   h - ring of willpower
Will     ++...                  F - +4 ring of evasion
Stlth    ++++++....             G - +4 ring of slaying
HPRegen  0.27/turn              O - ring of protection from cold
MPRegen  0.24/turn              Z - ring of protection from fire
                                M - ring of positive energy
                                I - +4 ring of evasion

@: gold aura, very slightly contaminated, slowed, very slow
A: almost no armour, amphibious, 8 rings, camouflage 1, gelatinous body 1,
(nimble swimmer 1), tentacles
a: Renounce Religion, Potion Petition, Call Merchant, Bribe Branch


You were on level 12 of the Dungeon.
You worshipped Gozag.
Gozag was most pleased with you.
You visited 4 branches of the dungeon, and saw 21 of its levels.

You collected 7076 gold pieces.
You spent 2916 gold pieces at shops.
You paid 2441 gold pieces to Gozag.

Inventory:

Hand Weapons
 a - the +12 dagger "Juing" (weapon) {vorpal, Int+4}
   (You bought it in a shop on level 2 of the Dungeon)

   It inflicts extra damage upon your enemies.
   It affects your intelligence (+4).
 f - the +7 quarterstaff of Patience {flame, rElec rN+ MP+9 Int-3}
   (You found it on level 6 of the Dungeon)

   It has been specially enchanted to burn those struck by it, causing extra
   injury to most foes and up to half again as much damage against particularly
   susceptible opponents.
   It affects your intelligence (-3).
   It insulates you from electricity.
   It protects you from negative energy.
   It affects your magic capacity (+9).
 w - a +0 hunting sling of freezing
Missiles
 c - 7 boomerangs of dispersal
 y - 111 sling bullets
 E - 2 throwing nets (quivered)
Armour
 z - a +0 buckler (worn)
 X - a +2 hat (worn)
Magical Staves
 b - a staff of poison
Jewellery
 h - a ring of willpower (right tentacle)
 n - an amulet of the acrobat (around mantle)
 o - a ring of magical power (left tentacle)
 F - a +4 ring of evasion (on tentacle)
 G - a +4 ring of slaying (on tentacle)
 I - a +4 ring of evasion (on tentacle)
 J - a ring of fire
 L - a ring of resist corrosion
 M - a ring of positive energy (on tentacle)
 O - a ring of protection from cold (on tentacle)
 R - a ring of fire
 T - a ring of protection from cold
 Z - a ring of protection from fire (on tentacle)
Wands
 d - a wand of flame (34)
 p - a wand of charming (17)
 A - a wand of paralysis (13)
 B - a wand of iceblast (21)
 C - a wand of mindburst (16)
 H - a wand of acid (26)
 N - a wand of random effects (8)
 P - a wand of digging (5)
Scrolls
 e - 2 scrolls of amnesia
 g - 3 scrolls of blinking
 i - 6 scrolls of enchant weapon
 l - 11 scrolls of fog
 m - 3 scrolls of immolation
 q - 4 scrolls of fear
 s - 2 scrolls of brand weapon
 x - 4 scrolls of silence
 K - 3 scrolls of magic mapping
 Q - 12 scrolls of teleportation
 Y - 13 scrolls of identify
Potions
 j - 6 potions of brilliance
 k - 2 potions of magic
 r - a potion of lignification
 t - 2 potions of invisibility
 u - 6 potions of curing
 v - a potion of haste
 D - a potion of might
 S - a potion of berserk rage
 U - a potion of resistance
Miscellaneous
 V - a condenser vane


   Skills:
 - Level 9.7 Fighting
 - Level 10.0 Short Blades
 - Level 1.1(6.3) Long Blades
 - Level 9.9 Dodging
 - Level 11.5 Stealth
 - Level 5.0 Shields
 - Level 7.5 Spellcasting
 - Level 2.0 Conjurations
 - Level 4.0 Hexes
 + Level 10.4 Transmutations
 - Level 2.0 Fire Magic
 - Level 2.0 Air Magic
 + Level 10.4 Earth Magic
 - Level 9.6 Poison Magic
 * Level 5.6 Evocations


You couldn't memorise any spells.
You knew the following spells:

 Your Spells              Type           Power      Damage    Failure   Level
a - Olgreb's Toxic Radia  Pois           56%        N/A       1%          4
b - Blink                 Tloc           N/A        N/A       9%          2
c - Confusing Touch       Hex            30%        N/A       3%          3
d - Statue Form           Tmut/Erth      39%        N/A       13%         6
e - Ensorcelled Hibernat  Hex/Ice        40%        N/A       4%          2
f - Petrify               Tmut/Erth      59%        N/A       1%          4
s - Mephitic Cloud        Conj/Pois/Air  33%        N/A       2%          3
x - Ignite Poison         Fire/Tmut/Pois 48%        N/A       1%          3
z - Poisonous Vapours     Pois/Air       80%        N/A       1%          2

Your spell library contained the following spells:

 Spells                   Type           Power      Damage    Failure   Level
 Corona                   Hex            33%        N/A       1%          1
 Sting                    Tmut/Pois      100%       1d8       1%          1
 Slow                     Hex            30%        N/A       1%          2
 Stone Arrow              Conj/Erth      84%        3d12      1%          3
 Tukima's Dance           Hex            30%        N/A       3%          3
 Leda's Liquefaction      Hex/Erth       23%        N/A       3%          4
 Dazzling Flash           Conj/Hex       50%        N/A       5%          3
 Inner Flame              Hex/Fire       25%        N/A       5%          3
 Portal Projectile        Hex/Tloc       40%        N/A       8%          3
 Yara's Violent Unravell  Hex/Tmut       23%        3d10      9%          5
 Cause Fear               Hex            15%        N/A       12%         4
 Gell's Gravitas          Tloc           4%         N/A       19%         3
 Teleport Other           Tloc           9%         N/A       19%         3
 Silence                  Hex/Air        12%        N/A       43%         5
 Iron Shot                Conj/Erth      21%        9d5       56%         6
 Metabolic Englaciation   Hex/Ice        10%        N/A       58%         5
 Discord                  Hex            15%        N/A       100%        8


Dungeon Overview and Level Annotations

Branches:
Dungeon (12/15)            Temple (1/1) D:7            Lair (6/6) D:9
 Shoals (0/4) Lair:3       Spider (0/4) Lair:3        Slime (0/5) Lair:5
    Orc (2/2) D:10            Elf (0/3) Orc:2

Altars:
Ashenzari
Cheibriados
Dithmenos
Elyvilon
Fedhas
Gozag
Hepliaklqana
Kikubaaqudgha
Makhleb
Nemelex Xobeh
Okawaru
Qazlal
Ru
Sif Muna
Trog
Uskayaw
Vehumet
Wu Jian
Xom
Yredelemnul
Zin
The Shining One
Beogh
Jiyva

Shops:
D:2 *   D:9 *[*:   D:12 (   Orc:2 [[?*

Annotations:
D:7 exclusions: 2 skeletal warriors and zombie
Lair:2 exclusion: 2 oklob plants


Innate Abilities, Weirdness & Mutations

You cannot wear most types of armour.
You are amphibious.
You can wear up to eight rings at the same time.
Your skin changes colour to match your surroundings (Stealth+).
Your rubbery body absorbs attacks. (AC +1, EV +1)
((You are camouflaged near water. (Stealth+)))
You have tentacles for arms and can constrict up to eight enemies at once.


Message History

Confirm with . or Enter, or press ? or * to list all spells.
You ignite the poison in your surroundings!
The ettin seems to burn from within!!
You kill the ettin!
Things that are here:
a +0 halberd; a +0 chain mail A freezing wraith comes into view.
Press: ? - help, v - describe, . - travel
Here: a freezing wraith The floor.
Unknown command.
Casting: Ignite Poison (safe; 1% risk of failure)
Confirm with . or Enter, or press ? or * to list all spells.
Aiming: Mephitic Cloud (mildly dangerous; 2% risk of failure)
Press: ? - help, Shift-Dir - straight line The ball explodes into a vile cloud!
The stinking cloud engulfs the freezing wraith but does no damage.
Casting: Mephitic Cloud (mildly dangerous; 2% risk of failure)
Confirm with . or Enter, or press ? or * to list all spells.
You miscast Ignite Poison.
You are very lightly contaminated with residual magic.
Nothing appears to happen.
The freezing wraith closely misses you. You block the freezing wraith's attack.
The freezing wraith hits you. The freezing wraith freezes you! You resist.
* * * LOW HITPOINT WARNING * * *
The freezing wraith barely misses you.
Casting: Ignite Poison (safe; 1% risk of failure)
Confirm with . or Enter, or press ? or * to list all spells.
You ignite the poison in your surroundings!
The freezing wraith hits you!
* * * LOW HITPOINT WARNING * * *
The freezing wraith freezes you! You resist.
* * * LOW HITPOINT WARNING * * *
The freezing wraith closely misses you.
Okay, then.
Casting: Ignite Poison (safe; 1% risk of failure)
Confirm with . or Enter, or press ? or * to list all spells.
You blink.
You are engulfed in blazing flames.
You resist.
You die...
Your body crumbles into a pile of gold.

#.......# #########
#....∩..#####
#...#$..##
#...##'#)....
#$###W#
#...##.#.###. $#.#
#.# #...##.#.#<#.
#.# #.#
#...##.#.#.#.
.#.##.#
#...##.#...## #
##.## #............
##@####.#####.#...#
#.W§...# ###...#.#
######.# #.......#
#.###.#######
#.....# #######


You could see a freezing wraith.

Vanquished Creatures
  A sphinx (D:12)
  Gastronok (D:9)
  An orc warlord (Orc:2)
  An ettin (D:12)
  4 hydras
  6 two-headed ogres
  Erica (D:8)
  5 death yaks
  3 orc high priests (Orc:2)
  A deep elf pyromancer (D:10)
  7 orc knights
  2 oklob plants (Lair:3)
  3 orc sorcerers (Orc:2)
  2 manticores
  An ugly thing (D:7)
  2 cyclopes
  10 black mambas
  Maurice (D:9)
  A gargoyle (D:12)
  23 cane toads
  Maggie (Lair:2)
  3 kobold demonologists
  A rime drake (Lair:5)
  11 komodo dragons
  A jumping spider (Lair:3)
  3 tyrant leeches (Lair:6)
  7 trolls
  A polar bear (Lair:6)
  Prince Ribbit (D:8)
  21 blink frogs
  6 slime creatures (D:12)
  6 spriggans (Lair:6)
  2 shadows
  A vampire (D:11)
  3 redbacks (Lair:3)
  82 yaks
  6 basilisks
  8 wyverns
  A steam dragon (D:7)
  14 vampire mosquitoes
  3 wargs (Orc:2)
  3 acid dragons
  21 water moccasins
  26 orc warriors
  5 black bears
  5 ice beasts
  A necrophage (D:7)
  6 ogres
  10 centaurs
  18 wolves
  2 phantoms
  A wyvern zombie (D:7)
  28 bullfrogs
  2 scorpions
  A water moccasin zombie (D:2)
  16 wights
  9 electric eels
  2 centaur zombies
  3 howler monkeys
  3 bullfrog zombies
  12 orc priests
  5 hounds
  3 jellies
  3 bullfrog skeletons
  2 centaur skeletons
  3 gnoll shamans
  15 orc wizards
  7 iguanas
  2 scorpion zombies (D:4)
  2 hound zombies (D:4)
  3 howler monkey zombies
  16 gnolls
  8 adders
  A white imp (D:5)
  2 ufetubi
  3 adder skeletons (D:4)
  An adder zombie (D:4)
  3 worms
  A dart slug (D:3)
  56 orcs
  A ball python (D:1)
  11 endoplasms
  2 giant cockroaches
  11 goblins
  8 hobgoblins
  4 jackals (D:5)
  4 kobolds
  6 quokkas
  7 bats
  6 frilled lizards
  11 rats
639 creatures vanquished.

Vanquished Creatures (others)
  88 fungi
  200 plants
  10 withered plants (D:4)
298 creatures vanquished.

Grand Total: 937 creatures vanquished

Notes
Turn   | Place    | Note
-------+----------+-------------------------------------------
     0 | D:1      | HELP the Octopode Venom Mage began the quest for the Orb.
     0 | D:1      | Reached XP level 1. HP: 11/11 MP: 3/3
   131 | D:1      | Reached skill level 3 in Stealth
   139 | D:1      | Reached XP level 2. HP: 17/17 MP: 3/5
   142 | D:1      | Learned a level 2 spell: Poisonous Vapours
   563 | D:1      | Reached XP level 3. HP: 21/21 MP: 6/6
   995 | D:2      | Reached skill level 4 in Stealth
   995 | D:2      | Reached skill level 5 in Poison Magic
   995 | D:2      | Reached XP level 4. HP: 4/27 MP: 6/8
  1780 | D:2      | Reached XP level 5. HP: 32/32 MP: 9/9
  2098 | D:2      | Found Oruschia's Assorted Antiques.
  2553 | D:3      | Found a faded altar of an unknown god.
  3508 | D:4      | Reached skill level 1 in Fighting
  3999 | D:4      | Reached XP level 6. HP: 38/38 MP: 10/10
  4181 | D:5      | Entered Level 5 of the Dungeon
  5110 | D:4      | Found an opulent altar of Gozag.
  5120 | D:4      | Became a worshipper of Gozag Ym Sagoz the Greedy
  5885 | D:5      | Reached skill level 5 in Stealth
  5956 | D:5      | Reached XP level 7. HP: 37/44 MP: 6/12
  7233 | D:2      | Bought an opal ring for 120 gold pieces
  7233 | D:2      | Bought a shimmering dagger for 168 gold pieces
  7233 | D:2      | Identified the +12 dagger "Juing" {vorpal, Int+4} (You
                  | bought it in a shop on level 2 of the Dungeon)
  7252 | D:2      | Learned a level 3 spell: Ignite Poison
  7256 | D:2      | Learned a level 3 spell: Mephitic Cloud
  7260 | D:2      | Learned a level 3 spell: Confusing Touch
  7303 | D:4      | Reached skill level 1 in Hexes
  7671 | D:6      | Reached XP level 8. HP: 51/51 MP: 13/13
  8046 | D:6      | Reached skill level 5 in Shields
  8047 | D:6      | Reached skill level 6 in Stealth
  8122 | D:6      | Identified the +7 quarterstaff of Patience {flame, rElec
                  | rN+ MP+9 Int-3}
  8428 | D:6      | Reached skill level 1 in Conjurations
  8428 | D:6      | Reached skill level 1 in Fire Magic
  8428 | D:6      | Reached skill level 1 in Air Magic
  8533 | D:6      | Identified the +1 robe "Doiwokh" {Str+5 Int+4}
  8780 | D:7      | Reached XP level 9. HP: 56/56 MP: 14/14
  8785 | D:7      | Reached skill level 7 in Stealth
  8889 | D:7      | Noticed a skeletal warrior
  9150 | D:7      | Reached skill level 8 in Stealth
  9339 | D:7      | Reached skill level 9 in Stealth
  9495 | D:7      | Found a staircase to the Ecumenical Temple.
  9508 | Temple   | Entered the Ecumenical Temple
  9864 | D:7      | Noticed a skeletal warrior
 10189 | D:7      | Reached skill level 1 in Short Blades
 10189 | D:7      | Reached skill level 10 in Stealth
 10204 | D:6      | Noticed a rust devil
 10204 | D:6      | Noticed a rust devil
 10483 | D:7      | Reached skill level 5 in Dodging
 10513 | D:7      | Reached XP level 10. HP: 63/63 MP: 5/15
 10678 | D:7      | Noticed a manticore
 10780 | D:7      | Killed a manticore
 10911 | D:7      | Noticed a brown ugly thing
 10936 | D:7      | Killed a brown ugly thing
 10937 | D:7      | Reached skill level 5 in Short Blades
 11005 | D:7      | Identified the +4 war axe of Sufficient Innocence {freeze,
                  | rPois}
 11428 | D:7      | Noticed a skeletal warrior
 11578 | D:7      | Noticed a skeletal warrior
 11696 | D:8      | Reached skill level 5 in Fighting
 12139 | D:8      | Noticed Prince Ribbit
 12146 | D:8      | Killed Prince Ribbit
 12243 | D:8      | Noticed Erica
 12391 | D:8      | Reached XP level 11. HP: 46/72 MP: 16/16
 12885 | D:8      | Killed Erica
 13186 | D:9      | Noticed a two-headed ogre
 13207 | D:9      | Killed a two-headed ogre
 13449 | D:9      | Noticed Gastronok
 13501 | D:9      | Killed Gastronok
 13753 | D:9      | Noticed Maurice
 13838 | D:9      | Found a staircase to the Lair.
 14033 | D:9      | Killed Maurice
 14419 | D:9      | Found Jyaqeoss's Island Escapes.
 14486 | D:9      | Identified the +10 halberd "Dal Mudu" {pain, rPois rF+
                  | Will-}
 14761 | D:9      | Learned a level 4 spell: Olgreb's Toxic Radiance
 14798 | D:10     | Entered Level 10 of the Dungeon
 14960 | D:10     | Reached XP level 12. HP: 60/81 MP: 18/18
 15883 | D:10     | Found a staircase to the Orcish Mines.
 16093 | D:10     | Noticed a five-headed hydra
 16486 | D:9      | Bought Vaonasku's Volume of the Ashen Compass for 960 gold
                  | pieces
 16489 | D:9      | Learned a level 2 spell: Blink
 16492 | Lair:1   | Entered Level 1 of the Lair of Beasts
 16715 | Lair:1   | Noticed a five-headed hydra
 16986 | Lair:1   | Found an opulent altar of Gozag.
 17010 | Lair:1   | Found a sparkling altar of Nemelex Xobeh.
 17262 | Lair:2   | Noticed Maggie
 17282 | Lair:2   | Killed Maggie
 17520 | Lair:2   | Found a shadowy altar of Dithmenos.
 17643 | Lair:2   | Reached skill level 1 in Evocations
 17903 | Lair:2   | Reached skill level 5 in Spellcasting
 18766 | Lair:3   | Found a blossoming altar of Fedhas.
 19077 | Lair:3   | Found a hole to the Spider Nest.
 19208 | Lair:3   | Found a staircase to the Shoals.
 19367 | Lair:3   | Reached skill level 10 in Short Blades
 19801 | Lair:3   | Reached skill level 5 in Transmutations
 20351 | Lair:4   | Noticed an eight-headed hydra
 20382 | Lair:4   | Killed an eight-headed hydra
 20383 | Lair:4   | Reached skill level 1 in Long Blades
 20383 | Lair:4   | Reached XP level 13. HP: 29/88 MP: 21/21
 20812 | D:2      | Bought a scroll of identify for 48 gold pieces
 20812 | D:2      | Bought a scroll of identify for 48 gold pieces
 20889 | D:2      | Bought a scroll labelled XOCEUVVAUB for 24 gold pieces
 20889 | D:2      | Bought a scroll of teleportation for 72 gold pieces
 21077 | D:9      | Bought a scroll of blinking for 120 gold pieces
 21077 | D:9      | Bought a scroll of blinking for 120 gold pieces
 21077 | D:9      | Bought a potion of invisibility for 128 gold pieces
 21077 | D:9      | Bought 2 scrolls of fog for 64 gold pieces
 21225 | Orc:1    | Entered Level 1 of the Orcish Mines
 22012 | Orc:2    | Entered Level 2 of the Orcish Mines
 22337 | Orc:2    | Noticed an orc warlord
 22613 | Orc:2    | Killed an orc warlord
 22812 | Orc:2    | Found a staircase to the Elven Halls.
 23008 | Orc:2    | Reached skill level 11 in Stealth
 23286 | Orc:2    | Found Buohes's Magic Scroll Boutique.
 23286 | Orc:2    | Found Oqodymom's General Store.
 23288 | Orc:2    | Found Bymol's Armour Boutique.
 23288 | Orc:2    | Found Futroed's Armour Emporium.
 23503 | Orc:2    | Found a staircase to the Elven Halls.
 23532 | Orc:2    | Found Oqodymom's General Store.
 23532 | Orc:2    | Found Buohes's Magic Scroll Boutique.
 23534 | Orc:2    | Found Bymol's Armour Boutique.
 23534 | Orc:2    | Found Futroed's Armour Emporium.
 23861 | Orc:2    | Found a staircase to the Elven Halls.
 23942 | Orc:2    | Found Oqodymom's General Store.
 23942 | Orc:2    | Found Buohes's Magic Scroll Boutique.
 23945 | Orc:2    | Found Futroed's Armour Emporium.
 23945 | Orc:2    | Found Bymol's Armour Boutique.
 23951 | Orc:2    | Bought a wand of flame (16) for 117 gold pieces
 23951 | Orc:2    | Bought a scroll of teleportation for 39 gold pieces
 23951 | Orc:2    | Bought a scroll of fog for 26 gold pieces
 23951 | Orc:2    | Bought a scroll of identify for 26 gold pieces
 23957 | Orc:2    | Bought a scroll of amnesia for 52 gold pieces
 23957 | Orc:2    | Bought a scroll of identify for 30 gold pieces
 23957 | Orc:2    | Bought a scroll of brand weapon for 300 gold pieces
 23957 | Orc:2    | Bought a scroll of magic mapping for 52 gold pieces
 23957 | Orc:2    | Bought a scroll of identify for 30 gold pieces
 23957 | Orc:2    | Bought a scroll of identify for 30 gold pieces
 23957 | Orc:2    | Bought a scroll of identify for 30 gold pieces
 23957 | Orc:2    | Bought a scroll of identify for 30 gold pieces
 23957 | Orc:2    | Bought a scroll of amnesia for 52 gold pieces
 23957 | Orc:2    | Bought a scroll of identify for 30 gold pieces
 23957 | Orc:2    | Bought a scroll of magic mapping for 52 gold pieces
 24219 | D:10     | Learned a level 6 spell: Statue Form
 24420 | Lair:4   | Reached skill level 1 in Earth Magic
 25420 | Lair:5   | Reached XP level 14. HP: 95/95 MP: 24/24
 25493 | Lair:4   | Reached skill level 5 in Earth Magic
 26181 | Lair:5   | Learned a level 2 spell: Ensorcelled Hibernation
 27474 | Lair:5   | Found a viscous altar of Jiyva.
 27474 | Lair:5   | Found a staircase to the Slime Pits.
 27645 | Lair:6   | Entered Level 6 of the Lair of Beasts
 29304 | Lair:6   | Reached XP level 15. HP: 48/103 MP: 23/25
 30168 | Lair:6   | Reached skill level 10 in Earth Magic
 31838 | D:9      | Bought a scroll of identify for 74 gold pieces
 31838 | D:9      | Bought a scroll of identify for 74 gold pieces
 32586 | D:11     | Reached skill level 10 in Transmutations
 33034 | D:12     | Found Joanayhu's Weapon Shoppe.
 34115 | D:12     | Reached skill level 5 in Evocations
 34137 | D:12     | Learned a level 4 spell: Petrify
 34265 | D:12     | Noticed a sphinx
 34273 | D:12     | Paralysed by a sphinx for 3 turns
 34281 | D:12     | Killed a sphinx
 34293 | D:12     | HP: 5/103 [freezing wraith (11)]
 34294 | D:12     | Engulfed by a cloud of flame

Illustrated notes

Levels and vault maps discovered:
D:1:      lightli_arrival_noodles, layout_basic
D:2:      layout_loops_ring, serial_shops, nicolae_shop_behind_doors,
          minmay_heptomino_l4
D:3:      layout_basic, ebering_ecumenical_altar_abandoned
D:4:      layout_basic, nicolae_gozag_seed_capital, cheibrodos_sewer_entry_bend,
          serial_undead, serial_undead_e, serial_undead_c, serial_undead_b,
          serial_undead_b, serial_undead_b, serial_undead_b, serial_undead_f
D:5:      layout_cave_pools, hangedman_abyss_or_decor_stagger
D:6:      cheibrodos_iron_armory, layout_loops_ring
D:7:      minmay_the_grid_octo_2x2 [minmay_the_grid_octo_clover_2,
          minmay_the_grid_octo_thin_diamonds, minmay_the_grid_octo_horde,
          minmay_the_grid_octo_prize_square_snowflake], layout_basic,
          minmay_temple_entry_hall, serial_bayou, serial_bayou_pond_c,
          serial_bayou_pond_d, serial_bayou_lake_a, serial_bayou_pond_c,
          minmay_tree_intersection, minmay_misc_feat_alley
D:8:      layout_basic, uniq_erica, uniq_prince_ribbit1
D:9:      layout_roguey, due_lair_maze_entry_diamond, enter_bailey_2,
          nicolae_island_escapes, uniq_maurice, uniq_gastronok
D:10:     layout_irregular_city, minmay_orc_entry_temple_small, minivault_20
D:11:     layout_basic
D:12:     minmay_mutant_horseshoe, layout_basic, serial_shops, shop
Temple:   roderic_octagonal_lattice_temple
Lair:1:   layout_roguey, basic_altar, lemuel_centaur_altar
Lair:2:   layout_cave_shapes, basic_altar, minmay_lair_oklob_chamber,
          uniq_maggie
Lair:3:   layout_roguey, elwin_shoals_entry_rocks, spider_nest_entry_a,
          hangedman_tree_tricks, nicolae_quartered_pool_little
Lair:4:   layout_misc_corridors
Lair:5:   layout_regular_city, dpeg_slime_entry_enclosed_altar,
          beast_lair_carwin_1, grunt_megastairs_5
Lair:6:   minmay_lair_end_frog_pond, layout_misc_corridors, wad_woods_01
Orc:1:    layout_caves
Orc:2:    grunt_orc_tribal_feast, layout_diamond_mine

Skill      XL: |  1  2  3  4  5  6  7  8  9 10 11 12 13 14 15 |
---------------+----------------------------------------------+-----
Stealth        | 3 4 5 6 10 11 | 11.5
Poison Magic   | 4 5 6 7 9 |  9.6
Fighting       | 1 2 3 4 5 7 8 9 |  9.7
Spellcasting   | 3 4 5 7 |  7.5
Dodging        | 3 5 7 8 9 |  9.9
Hexes          | 1 4 |  4.0
Shields        | 2 5 |  5.0
Conjurations   | 1 2 |  2.0
Fire Magic     | 1 2 |  2.0
Air Magic      | 1 2 |  2.0
Transmutations | 2 5 8 10 | 10.4
Short Blades   | 3 6 9 10 | 10.0
Evocations     | 3 4 5 |  5.6
Long Blades    | 1 |  1.1
Earth Magic    | 4 9 10 | 10.4

Action                   |  1- 3 |  4- 6 |  7- 9 | 10-12 | 13-15 || total
-------------------------+-------+-------+-------+-------+-------++-------
Melee: Dagger            |    32 |    97 |    89 |   281 |   634 ||  1133
       Constrict         |     2 |    22 |    11 |    46 |    89 ||   170
       Tentacles         |     3 |    15 |    14 |    59 |   104 ||   195
       Staff             |       |     3 |       |    14 |       ||    17
 Fire: Hunting sling     |       |       |       |       |    16 ||    16
Throw: Stone             |       |       |     3 |    13 |       ||    16
 Cast: Sting             |    10 |     8 |       |       |       ||    18
       Poisonous Vapours |    10 |    70 |    91 |   215 |   206 ||   592
       Ignite Poison     |       |       |     2 |     9 |    28 ||    39
       Mephitic Cloud    |       |       |     2 |     5 |    12 ||    19
       Confusing Touch   |       |       |       |    12 |    23 ||    35
       Olgreb's Toxic Ra |       |       |       |     3 |    48 ||    51
       Blink             |       |       |       |     1 |     3 ||     4
       Ensorcelled Hiber |       |       |       |       |    15 ||    15
Invok: Call Merchant     |       |       |       |     1 |     2 ||     3
Evoke: Wand              |       |       |       |       |     3 ||     3
  Use: Potion            |       |     3 |     3 |     8 |     3 ||    17
       Scroll            |       |       |    11 |     3 |     6 ||    20
 Stab: Sleeping          |     8 |    18 |    16 |    16 |    30 ||    88
       Distracted        |       |       |     1 |     1 |     4 ||     6
       Confused          |       |       |       |     5 |    18 ||    23
       Invisible         |       |       |       |     2 |       ||     2
       Paralysed         |       |       |       |       |     1 ||     1
Armor: Skin              |     1 |     5 |     3 |     6 |    14 ||    29
Dodge: Dodged            |     8 |    46 |    64 |   259 |   411 ||   788
Block: Buckler           |       |       |    14 |    66 |   107 ||   187

Table legend: (Time is in decaauts)
 A = Elapsed time spent in this place.
 B = Non-inter-level travel time spent in this place.
 C = Inter-level travel time spent in this place.
 D = Time resting spent in this place.
 E = Time spent auto-exploring this place.
 F = Levels seen in this place.
 G = Mean time per level.
                   A        B        C        D        E       F      G
               +--------+--------+--------+--------+--------+-----+--------+
         Total |  33792 |  32259 |   1533 |  11040 |  10089 |  21 | 1609.1 |
       Dungeon |  19148 |  18026 |   1122 |   5959 |   5228 |  12 | 1595.7 |
        Temple |    298 |    276 |     22 |      0 |    275 |   1 |  298.0 |
          Lair |  11431 |  11093 |    338 |   3963 |   3608 |   6 | 1905.2 |
  Orcish Mines |   2913 |   2863 |     50 |   1118 |    978 |   2 | 1456.5 |
               +--------+--------+--------+--------+--------+-----+--------+

Top non-repeatable levels by time:
  Lair:6: 2905 daAuts
  Lair:5: 2785 daAuts
     D:7: 2692 daAuts
     D:4: 2385 daAuts
     D:9: 2193 daAuts
  Lair:3: 2098 daAuts
   Orc:2: 1819 daAuts
    D:10: 1651 daAuts
     D:5: 1630 daAuts
  Lair:2: 1497 daAuts
     D:2: 1479 daAuts
     D:8: 1433 daAuts
     D:3: 1415 daAuts
  Lair:4: 1312 daAuts
     D:6: 1253 daAuts
